 Dungeon Crawl Stone Soup version 0.31-a0-1598-g94871bc2e8 (webtiles) character file.

Game seed: 2901987864925176687

10108 shadizar the Fighter (level 11, -1/86 HPs)
             Began as a Djinni Fire Elementalist on Jan 7, 2024.
             Succumbed to barbed spike wounds
             ... in a volcano.
             The game lasted 00:33:01 (10378 turns).

shadizar the Fighter (Djinni Fire Elementalist)    Turns: 10378, Time: 00:33:01

Health: -1/86      AC: 14    Str:  5    XL:     11   Next: 86%
Gold:   633        EV: 14    Int: 26    God:
                   SH:  0    Dex: 15

rFire   + + +        v - +5 hand axe (protect)
rCold   x . .        (no shield)
rNeg    + . .        D - +0 acid dragon scales
rPois   ∞            c - +2 helmet "Yptiedae" {*Slow rN+ Slay+4}
rElec   .            (no cloak)
rCorr   +            q - +2 pair of gloves
SInv    .            (boots unavailable)
Will    +....        (no amulet)
Stlth   ++           i - +6 ring of intelligence
HPRegen 0.34/turn    j - ring "Lyipniqep" {+Blink rF+ MP+9 Str-2 Slay+4}
MPRegen 0.00/turn

%: slow self (1%), infuse magic (-2 HP)
@: spiked, flying, hasted and slowed
A: sickness immunity, fire resistance 2, cold vulnerability 1, float, innate
caster, HP casting, extra vitality 1
a: Evoke Blink


You were in a volcano.
You visited 3 branches of the dungeon, and saw 11 of its levels.
You also visited: Volcano.

You collected 633 gold pieces.

Inventory:

Hand Weapons
 d - a +1 whip
 m - a +2 broad axe of flaming
 v - a +5 hand axe of protection (weapon)
Armour
 b - a +1 chain mail of fire resistance
 c - the +2 helmet "Yptiedae" (worn) {*Slow rN+ Slay+4}
   (You acquired it on level 4 of the Dungeon)

   Slay+4:    It affects your accuracy & damage with ranged weapons and melee
   (+4).
   rN+:       It protects you from negative energy.
   *Slow:     It may slow you when you take damage.
 q - a +2 pair of gloves (worn)
 D - +0 acid dragon scales (worn)
Magical Staves
 o - a staff of earth
 w - a staff of air
Jewellery
 e - a ring of fire
 f - a ring of see invisible
 i - a +6 ring of intelligence (left hand)
 j - the ring "Lyipniqep" (right hand) {+Blink rF+ MP+9 Str-2 Slay+4}
   (You found it on level 8 of the Dungeon)

   [ring of slaying]

   Str-2:     It affects your strength (-2).
   Slay+4:    It affects your accuracy & damage with ranged weapons and melee
   (+4).
   rF+:       It protects you from fire.
   MP+9:      It affects your magic capacity (+9).
   +Blink:    It lets you blink.
 u - a ring of fire
Wands
 h - a wand of mindburst (8)
 y - a wand of roots (16)
 z - a wand of paralysis (4)
 B - a wand of digging (5)
Scrolls
 a - a scroll of brand weapon
 g - 2 scrolls of fog
 k - 2 scrolls of enchant armour
 n - a scroll of teleportation
 t - 2 scrolls of revelation
Potions
 l - a potion of cancellation
 p - 4 potions of might
 s - 3 potions of haste
 E - a potion of berserk rage {unknown}


   Skills:
 + Level 10.6 Fighting
 + Level 6.8 Armour
 + Level 8.7 Dodging
 - Level 1.5 Stealth
 + Level 8.6 Spellcasting
 + Level 8.6 Conjurations
 + Level 8.6 Hexes
 + Level 8.6 Summonings
 + Level 8.6 Necromancy
 + Level 8.6 Translocations
 + Level 8.6 Fire Magic
 + Level 8.6 Ice Magic
 + Level 8.6 Air Magic
 + Level 8.6 Earth Magic
 + Level 8.6 Alchemy


You knew the following spells:

 Your Spells              Type           Power      Damage    Failure   Level
a - Foxfire               Conj/Fire      100%       2x1d9     1%          1
b - Scorch                Fire           100%       2d9       1%          2
c - Volatile Blastmotes   Fire/Tloc      100%       2d18      1%          3
d - Inner Flame           Hex/Fire       54%        N/A       1%          3
e - Flame Wave            Conj/Fire      54%        2d13      3%          4
f - Necrotise             Necr           100%       1d9       1%          1
g - Ensorcelled Hibernat  Hex/Ice        100%       N/A       1%          2
h - Jinxbite              Hex            100%       N/A       1%          2
i - Olgreb's Toxic Radia  Alch           54%        N/A       3%          4
j - Martyr's Knell        Necr/Summ      54%        N/A       3%          4
Your spell library was empty.

Dungeon Overview and Level Annotations

Branches:
Dungeon (9/15)             Temple (1/1) D:6            Lair (1/5) D:9
Volcano (1/1)
    Orc: D:9-12

Altars:
Ashenzari
Cheibriados
Dithmenos
Elyvilon
Fedhas
Gozag
Hepliaklqana
Makhleb
Nemelex Xobeh
Okawaru
Qazlal
Trog
Uskayaw
Wu Jian
Xom
Zin
The Shining One

Shops:
D:6 !

Annotations:
D:3 1 runed translucent door, TotoRNA's ghost, amateur OpSh


Innate Abilities, Weirdness & Mutations

You are immune to sickness and miasma.
You are immune to poison.
Your flesh is very heat resistant. (rF++)
You are vulnerable to cold. (rC-)
You float through the air rather than walking.
You learn spells naturally, not from books.
Your magical power is your life essence.
You have superior vitality. (+4 MHP)


Message History

You begin to radiate toxic energy.
The red ugly thing is poisoned.
Unknown command.
Casting: Olgreb's Toxic Radiance (dangerous; 3% risk of failure)
Confirm with . or Enter, or press ? or * to list all spells.
Your toxic radiance grows in intensity.
The sun demon hits you!!
You are engulfed in flames.
You resist.
You feel yourself slow down.
Unknown command.
The sun demon closely misses you.
The red devil attacks as it pursues you!
The red devil hits you but does no damage.
The sun demon hits you!
You are engulfed in flames.
You resist.
The red devil hits you but does no damage.
Your toxic aura wanes.
The sun demon closely misses you.
The red devil attacks as it pursues you!
The red devil hits you from afar with a +1 trident of flaming.
Barbed spikes become lodged in your body.
The red devil hits you from afar with a +1 trident of flaming!
* * * LOW HITPOINT WARNING * * *
Barbed spikes become lodged in your body.
The sun demon closely misses you.
You feel yourself speed up.
The sun demon hits you but does no damage.
The red devil hits you but does no damage.
The sun demon barely misses you.
Unknown command.
Okay, then.
The barbed spikes dig painfully into your body as you move.
* * * LOW HITPOINT WARNING * * *
The molten gargoyle blasts magma at you!
The bolt of magma hits you! You partially resist.
* * * LOW HITPOINT WARNING * * *
The barbed spikes dig painfully into your body as you move.
* * * LOW HITPOINT WARNING * * *
Okay, then.
Casting: Olgreb's Toxic Radiance (dangerous; 3% risk of failure)
Confirm with . or Enter, or press ? or * to list all spells.
Okay, then.
The barbed spikes dig painfully into your body as you move.
You die...

##......≈≈≈≈§§≈.....#
#.###..≈≈≈§§§§§≈...###
##.###.≈≈§§≈§§≈≈§.....#
#.##.#.≈§≈§≈§§≈≈≈≈...##
###.#..##.≈≈≈≈§§≈≈≈§§...#
#..##..∩#.§§≈≈§§§≈≈≈≈≈..#
#.##∩..##.≈≈≈§§≈≈≈≈≈≈§≈.##
#..##.##..≈§≈≈§§§≈§§§≈≈..#
###.#.#..≈@≈≈§≈§§≈§≈§§§≈.#
##.##.≈≈≈≈≈§§≈§≈§§≈§§≈.##
###.≈≈≈§§34§§≈≈≈≈≈≈§≈§.#
##.≈≈≈≈§≈§≈§≈≈≈≈≈≈≈§≈≈.
###..≈≈≈≈§9§§§§≈≈≈≈§≈≈≈≈.
#.....≈≈≈§≈≈≈§§≈≈≈≈≈§≈≈≈.
#......≈≈≈≈≈≈§§§≈≈≈≈≈≈§≈§
###.#....≈§≈≈≈§≈≈≈§§≈≈§§§
#.##....≈≈≈≈≈§≈≈≈≈≈≈≈..


You could see a sun demon, a molten gargoyle and a red devil.

Vanquished Creatures
  A death yak (Lair:1)
  A hell knight (Volcano)
  A torpor snail (Lair:1)
  A red devil (Volcano)
  A troll (D:9)
  A hornet (D:5)
  4 blink frogs (Lair:1)
  Sigmund (D:3)
  A yak (D:9)
  2 wyverns
  A fire elemental (D:8)
  8 fire bats
  3 steam dragons
  An acid dragon (D:9)
  4 water moccasins
  A hell hound (D:8)
  An ice beast (D:6)
  2 orc warriors (D:8)
  6 black bears
  3 centaurs
  An ogre (D:6)
  3 phantoms
  2 kobold brigands
  A scorpion (D:9)
  6 bullfrogs
  2 gnoll sergeants (D:9)
  3 wights (D:8)
  6 killer bees (D:9)
  5 howler monkeys
  5 electric eels (D:7)
  5 lava snakes
  6 hounds
  2 jellies
  9 orc priests
  4 bombardier beetles
  3 gnoll boudas
  A sleepcap (D:5)
  3 iguanas
  Ijyb (D:4)
  8 orc wizards
  22 gnolls
  8 adders
  2 shadow imps
  2 ufetubi (D:3)
  4 dart slugs
  3 ribbon worms
  31 orcs
  3 endoplasms
  2 giant cockroaches
  7 goblins
  5 hobgoblins
  2 jackals (D:3)
  9 kobolds
  6 quokkas
  8 ball pythons
  8 bats
  2 frilled lizards (D:3)
  8 rats
252 creatures vanquished.

Vanquished Creatures (collateral kills)
  13 foxfires
13 creatures vanquished.

Vanquished Creatures (others)
  747 foxfires
747 creatures vanquished.

Grand Total: 1012 creatures vanquished

Notes
Turn   | Place    | Note
-------+----------+-------------------------------------------
     0 | D:1      | shadizar the Djinni Fire Elementalist began the quest for
                  | the Orb.
     0 | D:1      | shadizar set off with the following spells memorised:
                  | Foxfire, Scorch, Volatile Blastmotes, Inner Flame, Flame
                  | Wave.
     0 | D:1      | Reached XP level 1. HP: 15/15 MP: 0/0
   127 | D:1      | Reached XP level 2. HP: 20/22 MP: 0/0
   239 | D:1      | Reached skill level 1 in Fighting
   643 | D:2      | Reached XP level 3. HP: 22/27 MP: 0/0
   643 | D:2      | Learned a level 1 spell: Necrotise
   745 | D:2      | Reached skill level 2 in Fighting
   791 | D:2      | Reached XP level 4. HP: 29/33 MP: 0/0
  1434 | D:3      | Found a runed translucent door.
  1513 | D:3      | Noticed TotoRNA's ghost (amateur OpSh)
  1586 | D:3      | Reached XP level 5. HP: 38/40 MP: 0/0
  1586 | D:3      | Learned a level 2 spell: Ensorcelled Hibernation
  1587 | D:3      | Reached skill level 3 in Fighting
  2031 | D:3      | Reached XP level 6. HP: 43/46 MP: 0/0
  2615 | D:3      | Noticed Sigmund
  2623 | D:3      | Killed Sigmund
  2624 | D:3      | Reached skill level 4 in Fighting
  2904 | D:4      | Reached XP level 7. HP: 39/53 MP: 0/0
  2904 | D:4      | Learned a level 2 spell: Jinxbite
  3191 | D:4      | Reached skill level 5 in Fighting
  3191 | D:4      | Reached skill level 5 in Spellcasting
  3191 | D:4      | Reached skill level 5 in Conjurations
  3191 | D:4      | Reached skill level 5 in Hexes
  3191 | D:4      | Reached skill level 5 in Summonings
  3191 | D:4      | Reached skill level 5 in Necromancy
  3191 | D:4      | Reached skill level 5 in Translocations
  3191 | D:4      | Reached skill level 5 in Fire Magic
  3191 | D:4      | Reached skill level 5 in Ice Magic
  3191 | D:4      | Reached skill level 5 in Air Magic
  3191 | D:4      | Reached skill level 5 in Earth Magic
  3191 | D:4      | Reached skill level 5 in Alchemy
  3517 | D:4      | Noticed Ijyb
  3526 | D:4      | Killed Ijyb
  3636 | D:4      | Identified a scroll of acquirement
  3636 | D:4      | Acquired the +2 helmet "Yptiedae" {*Slow rN+ Slay+4}
  3674 | D:5      | Entered Level 5 of the Dungeon
  3701 | D:5      | Noticed a water moccasin
  3714 | D:5      | Killed a water moccasin
  3894 | D:5      | Reached XP level 8. HP: 37/61 MP: 0/0
  3940 | D:5      | Reached skill level 6 in Fighting
  4313 | D:5      | Noticed a hornet
  4321 | D:5      | Killed a hornet
  4322 | D:5      | Reached skill level 7 in Fighting
  5037 | D:5      | Reached XP level 9. HP: 65/68 MP: 0/0
  5037 | D:5      | Learned a level 4 spell: Olgreb's Toxic Radiance
  5043 | D:5      | Found a glowing golden altar of the Shining One.
  5446 | D:6      | Found a staircase to the Ecumenical Temple.
  5456 | Temple   | Entered the Ecumenical Temple
  5579 | D:6      | Found a hide-covered altar of Uskayaw.
  5597 | D:6      | Reached skill level 8 in Fighting
  5929 | D:6      | Found Qiaggom's Distillery.
  6131 | D:7      | Reached skill level 1 in Armour
  6543 | D:7      | Reached skill level 5 in Dodging
  7144 | D:8      | Reached XP level 10. HP: 68/77 MP: 0/0
  7600 | D:8      | Reached skill level 9 in Fighting
  7882 | D:8      | Identified the ring "Lyipniqep" {+Blink rF+ MP+9 Str-2
                  | Slay+4}
  8741 | D:9      | Reached skill level 5 in Armour
  8749 | D:9      | Reached XP level 11. HP: 78/84 MP: 0/0
  8749 | D:9      | Learned a level 4 spell: Martyr's Knell
  8759 | D:9      | Found a staircase to the Lair.
  9595 | Lair:1   | Entered Level 1 of the Lair of Beasts
  9595 | Lair:1   | Noticed a death yak
  9601 | Lair:1   | Reached skill level 10 in Fighting
  9603 | Lair:1   | Killed a death yak
  9619 | Lair:1   | Found a dark tunnel.
  9778 | Volcano  | Entered a volcano
 10252 | Volcano  | Noticed a hell knight
 10284 | Volcano  | Killed a hell knight
 10355 | Volcano  | Found a burning altar of Makhleb.
 10355 | Volcano  | Noticed a red ugly thing
 10355 | Volcano  | Noticed a sun demon
 10377 | Volcano  | HP: 2/86 [barbs]
 10378 | Volcano  | Succumbed to barbed spike wounds

Illustrated notes

Levels and vault maps discovered:
D:1:      heliophobic_arrival_henge, layout_basic, serial_aquarium,
          aquarium_bridge_square [aquarium_subvault_bridge,
          aquarium_subvault_wall, aquarium_subvault_wall,
          aquarium_subvault_wall], aquarium_window_3, aquarium_window_double,
          aquarium_window_1, aquarium_window_fake, aquarium_view_2c,
          aquarium_pool_2
D:2:      layout_basic
D:3:      layout_basic, ebering_ghost_reflecting_pool, uniq_sigmund
D:4:      minmay_door_path, layout_rooms, uniq_ijyb
D:5:      layout_loops_ring, marbit_many_paths
D:6:      layout_loops_ring, nicolae_uskayaw_suspiria,
          minmay_temple_entry_drinking_statues, serial_shops,
          nicolae_lakefront_shop
D:7:      layout_gridville, serial_bayou, serial_bayou_lagoon_a,
          serial_bayou_lake_a, serial_bayou_pond_e, serial_bayou_shore_b,
          serial_bayou_shore_b, serial_bayou_shore_a
D:8:      layout_rooms, minivault_25, grunt_ministairs_5, hangedman_incinerator
D:9:      layout_loops_ring, due_lair_maze_entry_diamond, wad_rectangle_vault
Temple:   regret_index_temple_chain_breaker
Lair:1:   layout_small_grid, enter_volcano_1, st_stairs_5
Volcano:  volcano_grotto [vgs_many_chambers]

Skill      XL: |  1  2  3  4  5  6  7  8  9 10 11 |
---------------+----------------------------------+-----
Fighting       | 1 2 3 4 5 7 8 9 10 | 10.6
Spellcasting   | 4 5 6 7 8 |  8.6
Conjurations   | 4 5 6 7 8 |  8.6
Hexes          | 4 5 6 7 8 |  8.6
Summonings     | 4 5 6 7 8 |  8.6
Necromancy     | 4 5 6 7 8 |  8.6
Translocations | 4 5 6 7 8 |  8.6
Fire Magic     | 4 5 6 7 8 |  8.6
Ice Magic      | 4 5 6 7 8 |  8.6
Air Magic      | 4 5 6 7 8 |  8.6
Earth Magic    | 4 5 6 7 8 |  8.6
Alchemy        | 4 5 6 7 8 |  8.6
Dodging        | 5 7 8 |  8.7
Armour         | 2 5 6 |  6.8
Stealth        | |  1.5

Action                     |  1- 3 |  4- 6 |  7- 9 | 10-12 || total
---------------------------+-------+-------+-------+-------++-------
  Melee: Whip              |     1 |     5 |     4 |    22 ||    32
         Hand axe          |       |       |       |     5 ||     5
   Cast: Foxfire           |    64 |    74 |   230 |   115 ||   483
         Scorch            |     6 |    18 |    64 |    82 ||   170
         Volatile Blastmot |       |       |     1 |       ||     1
         Olgreb's Toxic Ra |       |       |       |    38 ||    38
         Necrotise         |       |       |       |    10 ||    10
         Martyr's Knell    |       |       |       |     4 ||     4
         Flame Wave        |       |       |       |     3 ||     3
         Jinxbite          |       |       |       |     1 ||     1
    Use: Scroll            |       |       |    13 |     8 ||    21
         Potion            |       |       |       |    11 ||    11
   Stab: Invisible         |       |       |       |     2 ||     2
 Armour: Robe              |     7 |    17 |    23 |       ||    47
         Ring mail         |       |       |    19 |       ||    19
         Steam dragon scal |       |       |     4 |    77 ||    81
         Acid dragon scale |       |       |       |    63 ||    63
  Dodge: Dodged            |     7 |    16 |    34 |   130 ||   187

Table legend: (Time is in decaauts)
 A = Elapsed time spent in this place.
 B = Non-inter-level travel time spent in this place.
 C = Inter-level travel time spent in this place.
 D = Time resting spent in this place.
 E = Time spent auto-exploring this place.
 F = Levels seen in this place.
 G = Mean time per level.
                   A        B        C        D        E       F      G
               +--------+--------+--------+--------+--------+-----+--------+
         Total |  10386 |  10201 |    185 |      0 |   7881 |  12 |  865.5 |
       Dungeon |   9587 |   9402 |    185 |      0 |   7470 |   9 | 1065.2 |
        Temple |      9 |      9 |      0 |      0 |      0 |   1 |    9.0 |
          Lair |    184 |    184 |      0 |      0 |      0 |   1 |  184.0 |
       Volcano |    604 |    604 |      0 |      0 |    411 |   1 |  604.0 |
               +--------+--------+--------+--------+--------+-----+--------+

Top non-repeatable levels by time:
     D:3: 1501 daAuts
     D:5: 1443 daAuts
     D:8: 1338 daAuts
     D:9: 1127 daAuts
     D:7: 1066 daAuts
     D:4: 905 daAuts
     D:6: 807 daAuts
     D:2: 763 daAuts
     D:1: 633 daAuts
 Volcano: 604 daAuts
  Lair:1: 184 daAuts
  Temple: 9 daAuts
